AoeStats
← Mr.Godo

Arena

509885378Analyzed
4v4 RM · 3d ago on Sep 28, 2026· 39m 51s· 8 players
Game mode
Random Map
Map size
Large (8 player)
Population
200
Speed
Normal
Resources
Standard
Victory
Conquest
Starting age
Dark Age
Ending age
Imperial Age
RankedLock teamsTeams togetherTeam positionsShared explorationLock speedFull tech treeHidden civsTurbo modeCheats
Victory
Defeat
🇰🇷 Vikings · South Korea
1160
+10
🇨🇳 Bohemians · China
1109
+12
🇯🇵 Saxons · Japan
1101
+12
🇰🇷 Persians · South Korea
1056
+13
🇨🇳 Armenians · China
1072
-14
🇹🇼 Huns · Taiwan
1001
-11
🇨🇳 Turks · China
990
-11
🇨🇳 Celts · China
980
-11
Mika_168
10:47 Feudal Age
14:45 Castle Age
12:36 Double-Bit Axe
12:35 Horse Collar
18:20 Gold Mining
19:08 Wheelbarrow
19:41 Bow Saw
20:49 Stone Mining
23:04 Redemption
27:19 Loom
34:06 Imperial Age
32:40 Gold Shaft Mining
32:31 Scale Mail Armor
32:37 Man-at-Arms
33:03 Gambesons
33:29 Long Swordsman
34:19 Squires
34:38 Chain Mail Armor
34:44 Fletching
34:25 Two-Handed Swordsman
34:55 Pikeman
北賢龍
3:48 Loom
10:41 Feudal Age
12:08 Double-Bit Axe
14:37 Castle Age
12:19 Horse Collar
13:01 Gold Mining
15:37 Bow Saw
16:41 Heavy Plow
21:19 Wheelbarrow
21:59 Stone Mining
23:47 Hand Cart
31:27 Imperial Age
31:44 Gold Shaft Mining
33:18 Husbandry
高老头子
10:36 Feudal Age
14:48 Castle Age
12:48 Double-Bit Axe
19:07 Horse Collar
20:34 Loom
21:25 Wheelbarrow
21:27 Gold Mining
23:48 Heavy Plow
25:31 Bow Saw
25:57 Hand Cart
25:46 Stone Mining
26:32 Gold Shaft Mining
28:35 Fletching
28:55 Forging
28:46 Scale Mail Armor
31:22 Iron Casting
31:02 Chain Mail Armor
34:03 Imperial Age
32:30 Stone Shaft Mining
33:58 Murder Holes
34:23 Ballistics
34:01 Bodkin Arrow
35:54 Chemistry
35:08 Town Watch
36:27 Blast Furnace
35:28 Padded Archer Armor
36:35 Siege Engineers
37:58 Conscription
37:47 Gambesons
37:48 Arson
38:13 Stronghold
39:38 Plate Mail Armor
39:24 Leather Archer Armor
39:23 Onager
君士坦丁十一世
10:45 Feudal Age
12:34 Double-Bit Axe
14:57 Castle Age
18:33 Bow Saw
20:27 Loom
21:56 Wheelbarrow
22:24 Horse Collar
26:20 Gold Mining
31:11 Imperial Age
29:26 Gold Shaft Mining
30:43 Padded Archer Armor
31:53 Scale Barding Armor
31:59 Forging
33:32 Two-Man Saw
33:10 Bloodlines
33:00 Husbandry
34:37 Iron Casting
34:23 Chain Barding Armor
33:35 Heavy Camel Rider
39:48 Blast Furnace
39:24 Plate Barding Armor
Sophie_J
10:28 Feudal Age
14:13 Castle Age
13:01 Double-Bit Axe
13:52 Horse Collar
17:41 Loom
22:57 Wheelbarrow
22:58 Town Watch
23:09 Gold Mining
24:22 Hand Cart
24:22 Town Watch
26:22 Stone Mining
29:17 Imperial Age
27:20 Forging
27:10 Scale Mail Armor
27:15 Scale Barding Armor
27:51 Murder Holes
28:07 Masonry
28:49 Bow Saw
28:44 Pikeman
29:24 Squires
29:10 Arson
30:24 Architecture
30:50 Gold Shaft Mining
30:50 Stone Shaft Mining
31:17 Two-Man Saw
30:20 Heavy Plow
30:36 Guilds
30:12 Halberdier
31:13 Bloodlines
30:23 Light Cavalry
31:04 Husbandry
32:01 Iron Casting
31:41 Chain Mail Armor
31:47 Chain Barding Armor
30:53 Cavalier
32:16 Conscription
32:56 Hoardings
33:03 Husbandry
34:34 Blast Furnace
33:42 Savar
37:18 Hoardings
38:51 Crop Rotation
Mr.Godo
9:48 Feudal Age
14:04 Castle Age
12:40 Double-Bit Axe
13:33 Stone Mining
15:43 Horse Collar
16:54 Loom
25:27 Bow Saw
33:45 Imperial Age
31:24 Heavy Plow
31:30 Scale Mail Armor
32:16 Treadmill Crane
32:57 Squires
33:17 Chain Mail Armor
32:58 Arson
32:41 Elite Skirmisher
33:54 Ballistics
33:28 Gold Mining
37:03 Plate Mail Armor
36:40 Onager
37:31 Fletching
38:26 Crop Rotation
38:30 Siege Engineers
39:42 Conscription
41:03 Gold Shaft Mining
39:51 Capped Ram
kktomcheung
3:13 Loom
14:03 Feudal Age
18:42 Castle Age
16:33 Double-Bit Axe
16:30 Horse Collar
21:53 Heavy Plow
22:04 Bow Saw
24:49 Wheelbarrow
25:32 Elite Skirmisher
26:39 Fletching
26:49 Padded Archer Armor
27:14 Padded Archer Armor
27:40 Bodkin Arrow
28:56 Leather Archer Armor
28:03 Pikeman
29:26 Hand Cart
30:29 Forging
30:19 Scale Mail Armor
32:19 Iron Casting
36:09 Imperial Age
36:51 Chemistry
36:12 Ballistics
36:35 Capped Ram
40:18 Squires
40:03 Arson
40:23 Squires
40:09 Arson
纸火
9:35 Feudal Age
13:40 Castle Age
12:02 Double-Bit Axe
11:58 Horse Collar
13:12 Loom
13:42 Gold Mining
14:36 Wheelbarrow
13:47 Town Watch
14:51 Bow Saw
14:33 Town Watch
16:42 Heavy Plow
23:03 Scale Mail Armor
23:01 Gambesons
23:58 Arson
26:02 Wheelbarrow
25:56 Chain Mail Armor
28:28 Forging
28:55 Squires
31:45 Iron Casting
35:07 Stone Mining
37:31 Hand Cart
40:09 Imperial Age
38:54 Gold Shaft Mining
38:13 Fletching
Connection lost

Rejoining the realm…

Still unreachable

The connection could not be restored.

Session expired

The server has moved on; the page needs a fresh start.